 Dungeon Crawl Stone Soup version 0.28.0-45-g0d030f2227 (webtiles) character file.

Game seed: 13032192046633208321

46 PSYXO the Chopper (level 3, -1/33 HPs)
             Began as a Minotaur Berserker on Apr 21, 2022.
             Was a Believer of Trog.
             Slain by a gnoll
             ... wielding a +0 club
              (2 damage)
             ... on level 2 of the Dungeon.
             The game lasted 00:04:15 (1270 turns).

PSYXO the Chopper (Minotaur Berserker)              Turns: 1270, Time: 00:04:17

Health: -1/33      AC:  5    Str: 23    XL:     3   Next: 46%
Magic:  2/2        EV: 11    Int:  4    God:    Trog [**....]
Gold:   85         SH:  0    Dex:  9    Spells: 2/2 levels left

rFire   . . .      SeeInvis .   b - +0 broad axe
rCold   . . .      Faith    .   (no shield)
rNeg    . . .      Spirit   .   e - +0 ring mail
rPois   .          Reflect  .   (helmet restricted)
rElec   .          Harm     .   (no cloak)
rCorr   .          Rampage  .   (no gloves)
Will    .....                   (no boots)
Stlth   ..........              (no amulet)
HPRegen 0.11/turn               (no ring)
MPRegen 0.08/turn               (no ring)

@: no status effects
A: horns 2, retaliatory headbutt
a: Renounce Religion, Berserk, Trog's Hand


You were on level 2 of the Dungeon.
You worshipped Trog.
Trog was pleased with you.
You visited 1 branch of the dungeon, and saw 2 of its levels.

You collected 85 gold pieces.

Inventory:

Hand Weapons
 a - a +0 hand axe
 b - a +0 broad axe (weapon)
Armour
 e - a +0 ring mail (worn)
Scrolls
 c - 3 scrolls of identify {unknown}
 d - a scroll of amnesia {unknown}
 g - a scroll of enchant armour {unknown}
Potions
 f - 2 potions of mutation {unknown}
 h - 2 potions of curing {unknown}
 i - 3 potions of heal wounds {unknown}
 j - a potion of ambrosia {unknown}
 k - a potion of cancellation {unknown}


   Skills:
 + Level 4.2 Fighting
 * Level 4.6 Axes
 + Level 3.1 Armour
 - Level 2.2 Dodging


You had 2 spell levels left.
You didn't know any spells.
Your spell library was empty.

Dungeon Overview and Level Annotations

Branches:
Dungeon (2/15)

Altars:


Innate Abilities, Weirdness & Mutations

You have a pair of horns on your head.
You reflexively headbutt those who attack you in melee.


Message History

You now have 85 gold pieces (gained 15).
Found an escape hatch in the ceiling.
k - a purple potion A worm comes into view.
Found a club.
The worm moves out of view.
A goblin and a gnoll come into view.
The goblin shouts!
You hear a shout! x2
A gnoll comes into view. It is wielding a +0 spear.
A gnoll comes into view. It is wielding a +0 club.
You slash the worm! Your headbutt misses the worm.
The worm is heavily wounded.
The worm bites you.
You hit the worm. Your headbutt misses the worm.
The worm is heavily wounded.
You slash the worm!
You kill the worm!
Trog accepts your kill.
A gnoll comes into view. It is wielding a +0 spear.
The goblin hits you but does no damage.
The gnoll shouts!
You slash the goblin!
You kill the goblin!
Trog accepts your kill.
The gnoll throws a throwing net.
The throwing net misses you.
You closely miss the gnoll.
The gnoll hits you from afar with a +0 spear.
The gnoll closely misses you. The gnoll hits you with a +0 club. x2
The gnoll barely misses you.
You closely miss the gnoll. You hit the gnoll but do no damage.
The gnoll hits you with a +0 club.
The gnoll hits you from afar with a +0 spear.
The gnoll barely misses you.
You barely miss the gnoll. You slash the gnoll!
The gnoll hits you with a +0 club!
The gnoll hits you from afar with a +0 spear!
* * * LOW HITPOINT WARNING * * *
The gnoll hits you with a +0 club.
* * * LOW HITPOINT WARNING * * *
The gnoll closely misses you. The gnoll hits you with a +0 club.
You die...

################
#..............#
#.##.........#.#
#.##.#######.#.# #####
#.##.# ##.#.#
.....###.##.######.....
#####..(..##..<..#.)....
......g@.....###....#...
.####.g#####.# ###.###..


#gg #.# ..# ##. #.. #.# #.# #.# #.. #..... #.# ... ##### #.# #... ## #... You
could see 4 gnolls.

Vanquished Creatures
  2 worms (D:2)
  2 dart slugs (D:1)
  2 bats (D:1)
  4 endoplasms
  3 giant cockroaches
  7 goblins
  2 hobgoblins (D:1)
  2 jackals (D:2)
  A quokka (D:1)
  3 ball pythons
  2 kobolds
  3 rats (D:1)
33 creatures vanquished.

Notes
Turn   | Place    | Note
-------+----------+-------------------------------------------
     0 | D:1      | PSYXO the Minotaur Berserker began the quest for the Orb.
     0 | D:1      | Reached XP level 1. HP: 19/19 MP: 0/0
   167 | D:1      | Reached XP level 2. HP: 12/27 MP: 1/1
   960 | D:1      | Reached XP level 3. HP: 33/33 MP: 2/2
  1052 | D:2      | Reached ** piety under Trog
  1270 | D:2      | HP: 1/33 [gnoll/+0 club (1)]
  1270 | D:2      | Slain by a gnoll

Illustrated notes

Levels and vault maps discovered:
D:1:      matt_arrival_refuge, layout_loops_ring, supply_closet_lemuel,
          chequers_serial_rivers_room_a, chequers_serial_rivers_micro_a
D:2:      layout_loops_ring, guppyfry_early_orc_mine

Skill      XL: |  1  2 |
---------------+-------+-----
Axes           | 4 |  4.6
Fighting       | 4 |  4.2
Armour         | 3 |  3.1
Dodging        | |  2.2

Action                   || total
-------------------------++-------
Melee: Broad axe         ||    54
       Hand axe          ||     6
       Headbutt          ||     6
 Stab: Sleeping          ||     1
Armor: Ring mail         ||    20
Dodge: Dodged            ||    42
